 Dungeon Crawl Stone Soup version 0.29-a0-1061-gbc57f8fbdb (webtiles) character file.

Game seed: 9472531120109323890

700 Ijustatesigmund the Grave Robber (level 7, -2/39 HPs)
             Began as a Deep Elf Necromancer on Aug 18, 2022.
             Slain by an ogre
             ... wielding a +0 giant club
              (14 damage)
             ... on level 5 of the Dungeon.
             The game lasted 00:11:40 (5788 turns).

Ijustatesigmund the Grave Robber (DENe)             Turns: 5788, Time: 00:11:41

Health: -2/39      AC:  5    Str:  5    XL:     7   Next: 38%
Magic:  10/19      EV: 12    Int: 22    God:
Gold:   145        SH:  0    Dex: 15    Spells: 14/19 levels left

rFire   + . .      SeeInvis .   n - +2 dagger (speed)
rCold   . . .      Faith    .   (no shield)
rNeg    . . .      Spirit   .   a - +0 robe
rPois   .          Reflect  .   c - +1 helmet
rElec   .          Harm     .   i - +0 cloak
rCorr   .          Rampage  .   (no gloves)
Will    .....                   (no boots)
Stlth   ++........              (no amulet)
HPRegen 0.13/turn               e - ring of protection from fire
MPRegen 0.16/turn               (no ring)

@: no status effects
A: no striking features
a: no special abilities


You were on level 5 of the Dungeon.
You visited 1 branch of the dungeon, and saw 5 of its levels.

You collected 145 gold pieces.

Inventory:

Hand Weapons
 f - a +0 short sword
 n - a +2 dagger of speed (weapon)
Armour
 a - a +0 robe (worn)
 c - a +1 helmet (worn)
 i - a +0 cloak (worn)
Magical Staves
 t - a staff of conjuration
Jewellery
 e - a ring of protection from fire (left hand)
Wands
 l - a wand of light (12)
 m - a wand of digging (4)
Scrolls
 k - 2 scrolls of butterflies
 q - a scroll of enchant weapon {unknown}
 r - a scroll of vulnerability {unknown}
 u - a scroll of fear
 v - a scroll of silence {unknown}
 w - a scroll of blinking {unknown}
Potions
 b - a potion of magic
 d - a potion of ambrosia
 g - 3 potions of curing
 h - a potion of brilliance
 j - 3 potions of haste
 o - a potion of heal wounds {unknown}
 p - 2 potions of invisibility {unknown}
 s - a potion of degeneration {unknown}


   Skills:
 - Level 1.7 Fighting
 - Level 2.1 Short Blades
 - Level 2.4 Dodging
 - Level 2.4 Stealth
 + Level 6.7 Spellcasting
 * Level 3.4 Conjurations
 + Level 7.3 Necromancy


You had 14 spell levels left.
You knew the following spells:

 Your Spells              Type           Power      Damage    Failure   Level
a - Necrotise             Necr           100%       1d9       1%          1
b - Vampiric Draining     Necr           39%        2d8       1%          3
c - Magic Dart            Conj           88%        1d7       1%          1

Your spell library contained the following spells:

 Spells                   Type           Power      Damage    Failure   Level
 Animate Dead             Necr           39%        N/A       4%          4
 Agony                    Necr           39%        N/A       12%         5
 Call Imp                 Summ           7%         N/A       13%         2
 Mephitic Cloud           Conj/Pois/Air  12%        N/A       16%         3


Dungeon Overview and Level Annotations

Branches:
Dungeon (5/15)
 Temple: D:4-7

Altars:
The Shining One


Message History

The ogre is moderately wounded.
The ogre shouts!
Casting: Magic Dart (safe; 1% risk of failure)
Confirm with . or Enter, or press ? or * to list all spells.
You can't see any susceptible monsters within range! (Use Z to cast anyway.)
Casting: Magic Dart (safe; 1% risk of failure)
Confirm with . or Enter, or press ? or * to list all spells.
Aiming: Necrotise (safe; 1% risk of failure)
Press: ? - help, Shift-Dir - straight line, f/p - ogre
Aim: an ogre, wielding a +0 giant club (moderately wounded, chance to affect: 83%)
The ogre barely resists.
Casting: Necrotise (safe; 1% risk of failure)
Confirm with . or Enter, or press ? or * to list all spells.
Aiming: Necrotise (safe; 1% risk of failure)
Press: ? - help, Shift-Dir - straight line, f/p - ogre
Aim: an ogre, wielding a +0 giant club (moderately wounded, chance to affect: 83%)
The ogre writhes in agony.
Casting: Necrotise (safe; 1% risk of failure)
Confirm with . or Enter, or press ? or * to list all spells.
Aiming: Necrotise (safe; 1% risk of failure)
Press: ? - help, Shift-Dir - straight line, f/p - ogre
Aim: an ogre, wielding a +0 giant club (heavily wounded, chance to affect: 83%)
The ogre writhes in agony.
Casting: Necrotise (safe; 1% risk of failure)
Confirm with . or Enter, or press ? or * to list all spells.
Aiming: Vampiric Draining (safe; 1% risk of failure)
Press: ? - help, Shift-Dir - straight line, f/p - ogre
Aim: an ogre, wielding a +0 giant club (severely wounded)
You draw life force from the ogre.
The ogre hits you with a +0 giant club!!
Ouch! That really hurt!
* * * LOW HITPOINT WARNING * * *
Casting: Vampiric Draining (safe; 1% risk of failure)
Confirm with . or Enter, or press ? or * to list all spells.
Aiming: Vampiric Draining (safe; 1% risk of failure)
Press: ? - help, Shift-Dir - straight line, f/p - ogre
Aim: an ogre, wielding a +0 giant club (severely wounded)
You draw life force from the ogre.
You feel life coursing into your body. The ogre hits you with a +0 giant club!
You die...

#.....#.....#....###......#
......#...................#
.##'# ##..............#...#
.... #..............##...#
...
........................
...
..................#..###.
...................####..#
. .##.........##.....# #..#
.# .....#.####.@.## ...
....## ##O## ... .. #..#
... #>... ... ...... ...
........ .. .#..#... #. ..
#..... #


You could see an ogre.

Vanquished Creatures
  An ice beast (D:5)
  An ogre (D:4)
  A necrophage (D:5)
  A vampire bat (D:3)
  2 hounds
  An orc priest (D:4)
  Jessica (D:2)
  Ijyb (D:3)
  An iguana (D:3)
  3 orc wizards
  7 adders
  A white imp (D:5)
  3 ufetubi
  2 worms
  2 dart slugs
  4 orcs
  10 endoplasms
  3 giant cockroaches
  7 goblins
  7 hobgoblins
  4 jackals (D:4)
  3 kobolds
  3 quokkas
  6 ball pythons
  12 bats
  3 frilled lizards
  3 hobgoblin zombies (D:5)
  3 kobold skeletons (D:5)
  3 kobold zombies (D:5)
  An orc skeleton (D:5)
  2 orc zombies (D:5)
  4 rats
106 creatures vanquished.

Vanquished Creatures (collateral kills)
  A ball python (D:4)
1 creature vanquished.

Grand Total: 107 creatures vanquished

Notes
Turn   | Place    | Note
-------+----------+-------------------------------------------
     0 | D:1      | Ijustatesigmund the Deep Elf Necromancer began the quest
                  | for the Orb.
     0 | D:1      | Reached XP level 1. HP: 10/10 MP: 6/6
   154 | D:1      | Reached skill level 5 in Necromancy
   370 | D:1      | Reached XP level 2. HP: 15/15 MP: 4/8
   875 | D:2      | Reached XP level 3. HP: 19/19 MP: 4/10
   886 | D:2      | Learned a level 3 spell: Vampiric Draining
  1101 | D:2      | Found a faded altar of an unknown god.
  1481 | D:2      | Noticed Jessica
  1484 | D:2      | Killed Jessica
  1485 | D:2      | Reached XP level 4. HP: 24/24 MP: 8/12
  1702 | D:3      | Noticed Ijyb
  1708 | D:2      | Reached skill level 1 in Short Blades
  1875 | D:3      | Killed Ijyb
  1876 | D:3      | Reached skill level 1 in Fighting
  2218 | D:3      | Reached skill level 6 in Necromancy
  2218 | D:3      | Reached XP level 5. HP: 26/29 MP: 14/14
  2259 | D:3      | Reached skill level 5 in Spellcasting
  2868 | D:3      | Learned a level 1 spell: Magic Dart
  3269 | D:4      | Reached skill level 1 in Conjurations
  3269 | D:4      | Reached XP level 6. HP: 32/35 MP: 13/16
  4455 | D:5      | Entered Level 5 of the Dungeon
  4707 | D:5      | Reached skill level 7 in Necromancy
  4707 | D:5      | Reached XP level 7. HP: 39/39 MP: 9/18
  5680 | D:5      | Found a glowing golden altar of the Shining One.
  5788 | D:5      | Slain by an ogre

Illustrated notes

Levels and vault maps discovered:
D:1:      tarquinn_simple_flora_water_d, layout_basic, minmay_stone_trees_large
D:2:      layout_basic, shapermc_ecumenical_altar_pompeii, uniq_jessica
D:3:      layout_basic, kennysheep_cluttered_room, roderic_batcave, uniq_ijyb
D:4:      layout_basic
D:5:      layout_layer_cave, nicolae_tso_besieged_by_evil,
          mainiacjoe_overflow_tiny_flanked

Skill      XL: |  1  2  3  4  5  6  7 |
---------------+----------------------+-----
Necromancy     | 5 6 7 |  7.3
Spellcasting   | 4 5 6 |  6.7
Short Blades   | 1 2 |  2.1
Fighting       | 1 |  1.7
Conjurations   | 1 2 3 |  3.4
Dodging        | |  2.4
Stealth        | |  2.4

Action                   |  1- 3 |  4- 6 |  7- 9 || total
-------------------------+-------+-------+-------++-------
Melee: Unarmed           |     1 |       |       ||     1
       Short sword       |     4 |       |       ||     4
       Dagger            |       |    84 |     3 ||    87
 Cast: Necrotise         |    55 |    66 |     6 ||   127
       Vampiric Draining |       |    17 |     4 ||    21
       Magic Dart        |       |    14 |    48 ||    62
Evoke: Wand              |       |     1 |       ||     1
  Use: Scroll            |     5 |     3 |       ||     8
       Potion            |       |     1 |       ||     1
 Stab: Sleeping          |       |     3 |       ||     3
Armor: Robe              |     3 |    43 |     2 ||    48
Dodge: Dodged            |     6 |   100 |     3 ||   109

Table legend: (Time is in decaauts)
 A = Elapsed time spent in this place.
 B = Non-inter-level travel time spent in this place.
 C = Inter-level travel time spent in this place.
 D = Time resting spent in this place.
 E = Time spent auto-exploring this place.
 F = Levels seen in this place.
 G = Mean time per level.
                   A        B        C        D        E       F      G
               +--------+--------+--------+--------+--------+-----+--------+
         Total |   5754 |   5559 |    195 |   1328 |   3628 |   5 | 1150.8 |
       Dungeon |   5754 |   5559 |    195 |   1328 |   3628 |   5 | 1150.8 |
               +--------+--------+--------+--------+--------+-----+--------+

Top non-repeatable levels by time:
     D:4: 1794 daAuts
     D:5: 1104 daAuts
     D:2: 1014 daAuts
     D:3: 997 daAuts
     D:1: 844 daAuts
